 Dungeon Crawl Stone Soup version 0.25-a0-177-gd145f35b4e (webtiles) character file.

Game seed: 8611898292201850421, levelgen mode: deterministic

2025 Gumption the Blocker (level 9, -20/55 HPs)
             Began as a Gargoyle Fighter on Nov 26, 2019.
             Was a Plaything of Xom.
             Demolished by an ice devil (21 damage)
             ... summoned by Xom
             ... on level 6 of the Dungeon.
             The game lasted 00:26:42 (4761 turns).

Gumption the Blocker (Gargoyle Fighter)             Turns: 4761, Time: 00:26:42

Health: -20/55     AC: 15    Str: 23    XL:     9   Next: 23%
Magic:  9/9        EV:  8    Int:  9    God:    Xom [......]
Gold:   286        SH:  0    Dex:  9    Spells: 8/8 levels left

rFire    . . .     SeeInvis .   a - +2 flail (drain)
rCold    . . .     Gourm    .   c - +1 shield
rNeg     + . .     Faith    .   m - +0 scale mail
rPois    ∞         Spirit   .   (no helmet)
rElec    +         Reflect  +   (no cloak)
rCorr    .         Harm     .   l - +0 pair of gloves
MR       .....                  (no boots)
Stlth    ..........             i - +5 amulet of reflection
HPRegen  0.18/turn              (no ring)
MPRegen  0.11/turn              (no ring)

@: confused
A: negative energy resistance 1, electricity resistance, unbreathing,
petrification resistance, rot immunity, AC +6
a: Renounce Religion


You were on level 6 of the Dungeon.
You worshipped Xom.
You were a very special plaything of Xom.
You were not hungry.

You visited 2 branches of the dungeon, and saw 7 of its levels.

You collected 286 gold pieces.

Inventory:

Hand Weapons
 a - a +2 flail of draining (weapon)
 b - a +0 hunting sling
 t - a +2 flail of crushing
Missiles
 f - 209 stones (quivered)
 q - a throwing net
 x - 4 curare-tipped darts
 y - 16 sling bullets
Armour
 c - a +1 shield (worn)
 l - a +0 pair of gloves (worn)
 m - a +0 scale mail (worn)
Jewellery
 i - a +5 amulet of reflection (around neck)
Wands
 d - a wand of random effects (23)
 h - a wand of paralysis (5)
Scrolls
 j - 2 scrolls of remove curse
 o - 2 scrolls of identify
Potions
 g - 2 potions of flight
 k - a potion of lignification {unknown}
 n - a potion of haste
 p - 2 potions of agility
 r - a potion of curing
 s - 2 potions of ambrosia
 u - a potion of mutation {unknown}
Comestibles
 e - 11 rations
 w - 3 chunks of flesh


   Skills:
 + Level 6.1 Fighting
 * Level 7.1 Maces & Flails
 + Level 6.2 Armour
 * Level 8.2 Shields


You had 8 spell levels left.
You didn't know any spells.
Your spell library was empty.

Dungeon Overview and Level Annotations

Branches:
Dungeon (6/15)             Temple (1/1) D:6

Altars:
Elyvilon
Fedhas
Gozag
Hepliaklqana
Kikubaaqudgha
Qazlal
Uskayaw
Xom
Zin

Shops:
D:5 :


Innate Abilities, Weirdness & Mutations

You are resistant to torment.
Your stone body is resilient. (AC +6)
You are immune to poison.
You resist negative energy. (rN+)
You are resistant to electric shocks. (rElec)
You can survive without breathing.
You are immune to petrification.
You are immune to rotting.


Message History

The quasit claws you but does no damage. x2
You hit the quasit but do no damage.
The quasit bites you but does no damage.
The quasit claws you but does no damage. x2
The quasit bites you but does no damage.
The quasit barely misses you.
The quasit claws you but does no damage.
The ice devil hits you but does no damage.
The crimson imp barely misses you. The human closely misses you.
The quasit bites you but does no damage.
The quasit claws you but does no damage. x2
You bump into the rock wall.
The quasit bites you but does no damage.
The quasit claws you but does no damage. x2
The crimson imp hits you but does no damage.
The ice devil hits you.
* * * LOW HITPOINT WARNING * * *
The ice devil freezes you!!
You die...
Xom thinks this is hilarious!

..............
........#
..............
..[.....#
..............
........###### .....
....... ......#....#
......#....###..
......p.4......#
#@5..#############
##55..##..........#
#.........PPPPPPP.P
#.....##..P.P......
#.........P.P.PPPPP
#.........P.....P..
#.#.......P.PPP.P.P
#.#.......P...P.P.P
#.#.#.####..PPP.PPP.P


You could see an ice devil, a human, 2 quasits and a crimson imp.

Vanquished Creatures
  4 humans (D:6)
  Edmund (D:4)
  Menkaure (D:6)
  An ice beast (D:5)
  A phantom (D:5)
  2 scorpions
  5 killer bees (D:5)
  2 crimson imps
  A bullfrog zombie (D:6)
  2 orc priests
  A bullfrog skeleton (D:5)
  4 hounds (D:5)
  Jessica (D:2)
  An iguana (D:5)
  2 orc wizards (D:4)
  5 worker ants
  3 gnolls (D:3)
  A howler monkey skeleton (D:4)
  12 adders
  A shadow imp (D:6)
  A worm (D:4)
  4 dart slugs
  3 leopard geckos
  5 orcs
  A ball python (D:1)
  4 giant cockroaches
  7 goblins
  12 hobgoblins
  9 jackals
  2 quokkas (D:4)
  5 bats
  A frilled lizard (D:3)
  5 kobolds
  A leopard gecko skeleton (D:5)
  3 leopard gecko zombies
  7 rats
121 creatures vanquished.

Vanquished Creatures (others)
  A rat (D:3)
1 creature vanquished.

Grand Total: 122 creatures vanquished

Notes
Turn   | Place    | Note
-------+----------+-------------------------------------------
     0 | D:1      | Gumption the Gargoyle Fighter began the quest for the Orb.
     0 | D:1      | Reached XP level 1. HP: 14/14 MP: 1/1
    99 | D:1      | Reached XP level 2. HP: 19/19 MP: 2/2
   417 | D:1      | Reached XP level 3. HP: 21/23 MP: 3/3
   846 | D:2      | Reached skill level 4 in Shields
   967 | D:2      | Noticed Jessica
   980 | D:2      | Killed Jessica
   980 | D:2      | Reached XP level 4. HP: 29/29 MP: 4/4
  1387 | D:3      | Reached XP level 5. HP: 33/33 MP: 5/5
  1985 | D:4      | Noticed Edmund
  1995 | D:4      | Killed Edmund
  1995 | D:4      | Reached skill level 5 in Shields
  1995 | D:4      | Reached XP level 6. HP: 37/38 MP: 6/6
  2255 | D:4      | Reached XP level 7. HP: 44/44 MP: 7/7
  2910 | D:5      | Entered Level 5 of the Dungeon
  2948 | D:5      | Found Ramea's Book Shoppe.
  3008 | D:5      | Reached skill level 6 in Shields
  3047 | D:5      | Reached skill level 5 in Maces & Flails
  3073 | D:5      | Reached skill level 5 in Armour
  3107 | D:5      | HP: 2/44 [killer bee (4)]
  3119 | D:5      | Reached skill level 5 in Fighting
  3124 | D:5      | Reached XP level 8. HP: 7/49 MP: 8/8
  3630 | D:5      | Reached skill level 7 in Shields
  3905 | D:6      | Noticed Menkaure
  4097 | D:6      | Killed Menkaure
  4340 | D:6      | Reached XP level 9. HP: 52/55 MP: 9/9
  4367 | D:6      | Reached skill level 8 in Shields
  4439 | D:6      | Found a staircase to the Ecumenical Temple.
  4454 | Temple   | Entered the Ecumenical Temple
  4467 | Temple   | Became a worshipper of Xom the Unpredictable
  4650 | D:6      | XOM: potion effect (haste)
  4750 | D:6      | XOM: silly message
  4753 | D:6      | XOM: summons 4 hostile demons
  4754 | D:6      | Noticed an ice devil
  4759 | D:6      | XOM: confusion
  4761 | D:6      | HP: 1/55 [ice devil[Xom] (6)]
  4761 | D:6      | Demolished by an ice devil

Levels and vault maps discovered:
D:1:      nicolae_arrival_washed_ashore, layout_loops_ring,
          kennysheep_another_room
D:2:      layout_basic, minmay_misc_feat_five, uniq_jessica
D:3:      layout_loops_ring, first_ration
D:4:      layout_basic, uniq_edmund
D:5:      layout_basic, serial_shops,
          nicolae_shop_temple_entry_statues_fountains
D:6:      layout_basic, minmay_temple_entry_glass, minmay_hedge_maze,
          minmay_ruffians, uniq_menkaure
Temple:   compressed_dpeg_triangle_lava_temple

Skill      XL: |  1  2  3  4  5  6  7  8  9 |
---------------+----------------------------+-----
Shields        | 4 5 6 7 8 |  8.2
Maces & Flails | 3 4 5 6 7 |  7.1
Armour         | 4 5 6 |  6.2
Fighting       | 4 5 6 |  6.1

Action                   |  1- 3 |  4- 6 |  7- 9 || total
-------------------------+-------+-------+-------++-------
Melee: Flail             |   136 |   155 |   275 ||   566
 Fire: Hunting sling     |       |     4 |       ||     4
Throw: Stone             |       |     2 |       ||     2
Evoke: Wand              |       |       |     2 ||     2
  Use: Potion            |     1 |       |     4 ||     5
       Scroll            |       |     5 |     7 ||    12
  Eat: Chunk             |       |     5 |     2 ||     7
       Ration            |       |       |     2 ||     2
Armor: Scale mail        |    74 |    49 |   193 ||   316
Dodge: Dodged            |    42 |    23 |    94 ||   159
Block: Shield            |    66 |   124 |   265 ||   455
       Reflection        |       |     1 |     1 ||     2

Table legend:
 A = Non-vault XP
 B = Vault XP
 C = Vault XP percentage of total XP
 D = Non-vault monster count
 E = Vault monster count
 F = Vault count percentage of total count
                 A         B        C        D         E       F
            +---------+---------+-------+---------+---------+-------
      Total |    1740 |    1154 |  39.9 |     115 |       7 |   5.7
            +---------+---------+-------+---------+---------+-------
        D:1 |      42 |       0 |   0.0 |      22 |       0 |   0.0
        D:2 |      38 |      37 |  49.3 |       9 |       1 |  10.0
        D:3 |     232 |       0 |   0.0 |      35 |       0 |   0.0
        D:4 |     220 |     162 |  42.4 |      12 |       1 |   7.7
        D:5 |    1049 |       0 |   0.0 |      25 |       0 |   0.0
        D:6 |     159 |     955 |  85.7 |      12 |       5 |  29.4
            +---------+---------+-------+---------+---------+-------
